 Dungeon Crawl Stone Soup version 0.26-a0-694-g74916bafe0 (webtiles) character file.

Game seed: 8113180431245737261

76 Peloso the Shield-Bearer (level 4, 0/40 HPs)
             Began as a Minotaur Fighter on Oct 25, 2020.
             Slain by a goblin (4 damage)
             ... led by Robin
             ... on level 2 of the Dungeon.
             The game lasted 00:02:35 (1241 turns).

Peloso the Shield-Bearer (Minotaur Fighter)         Turns: 1241, Time: 00:02:35

Health: 0/40       AC:  7    Str: 21    XL:     4   Next: 12%
Magic:  3/3        EV:  5    Int:  5    God:
Gold:   31         SH: 14    Dex: 10    Spells: 3/3 levels left

rFire    . . .     SeeInvis .   a - +0 long sword
rCold    . . .     Faith    .   c - +0 tower shield
rNeg     . . .     Spirit   .   b - +0 scale mail
rPois    .         Reflect  .   (helmet restricted)
rElec    .         Harm     .   (no cloak)
rCorr    .         Rampage  .   (no gloves)
MR       .....                  (no boots)
Stlth    ..........             (no amulet)
HPRegen  0.13/turn              g - ring of attention (curse)
MPRegen  0.08/turn              (no ring)

@: no status effects
A: retaliatory headbutt, horns 2
a: no special abilities


You were on level 2 of the Dungeon.
You visited 1 branch of the dungeon, and saw 2 of its levels.

You collected 31 gold pieces.

Inventory:

Hand Weapons
 a - a +0 long sword (weapon)
Armour
 b - a +0 scale mail (worn)
 c - a +0 tower shield (worn)
Jewellery
 g - a cursed ring of attention (left hand)
Scrolls
 e - a scroll of amnesia {unknown}
 f - a scroll of identify {unknown}
Potions
 d - a potion of might
 h - a potion of flight {unknown}


   Skills:
 + Level 4.2 Fighting
 + Level 3.2 Long Blades
 + Level 4.0 Armour
 + Level 0.1 Dodging
 + Level 4.8 Shields


You had 3 spell levels left.
You didn't know any spells.
Your spell library was empty.

Dungeon Overview and Level Annotations

Branches:
Dungeon (2/15)

Altars:


Innate Abilities, Weirdness & Mutations

You reflexively headbutt those who attack you in melee.
You have a pair of horns on your head.


Message History

Unknown command.
You closely miss the leopard gecko. You block the goblin's attack.
The leopard gecko bites you but does no damage.
The goblin barely misses you. You furiously retaliate!
You headbutt the goblin. The goblin hits you but does no damage.
You block the leopard gecko's attack.
Unknown command.
You hit the leopard gecko but do no damage.
The goblin closely misses you. The leopard gecko bites you.
* * * LOW HITPOINT WARNING * * *
The goblin hits you but does no damage.
Unknown command.
You closely miss the leopard gecko. You block the leopard gecko's attack.
The goblin hits you but does no damage. x2
You block the leopard gecko's attack. The goblin barely misses you.
The goblin hits you but does no damage.
Unknown command.
You slash the leopard gecko!
You kill the leopard gecko!
The goblin hits you.
You die...

##### ####.#.##
........#######
#..(........##########
##....†......)@g.....?
#..######..####g.....#
#.## #....... ?.$...#
##.# #........#......#
#..#
#.......gg.......#
#<##
#......g...#...... #.#
#.....!....##..### #.#
#....g.....# ... #.#


You could see 2 goblins.

Vanquished Creatures
  Robin (D:2)
  An adder (D:2)
  A gnoll (D:1)
  2 dart slugs (D:1)
  A leopard gecko (D:2)
  3 giant cockroaches
  10 goblins
  5 hobgoblins
  5 jackals
  A kobold (D:2)
  5 bats (D:1)
  A frilled lizard (D:1)
  A rat (D:1)
37 creatures vanquished.

Notes
Turn   | Place    | Note
-------+----------+-------------------------------------------
     0 | D:1      | Peloso the Minotaur Fighter began the quest for the Orb.
     0 | D:1      | Reached XP level 1. HP: 19/19 MP: 0/0
   279 | D:1      | Reached XP level 2. HP: 27/27 MP: 1/1
   655 | D:1      | Reached XP level 3. HP: 33/33 MP: 2/2
  1206 | D:2      | Noticed Robin
  1235 | D:2      | Killed Robin
  1235 | D:2      | Reached XP level 4. HP: 10/40 MP: 3/3
  1241 | D:2      | Slain by a goblin

Illustrated notes

Levels and vault maps discovered:
D:1:      kilobyte_arrival_exit_the_forest, layout_basic
D:2:      layout_rooms, amethyst_overflow_temple_binary,
          uniq_crazy_yiuf_cottage, uniq_robin

Skill      XL: |  1  2  3 |
---------------+----------+-----
Fighting       | 4 |  4.2
Shields        | 4 |  4.8
Armour         | 4 |  4.0
Long Blades    | 3 |  3.2
Dodging        | |  0.1

Action                   |  1- 3 |  4- 6 || total
-------------------------+-------+-------++-------
Melee: Long sword        |    89 |     6 ||    95
       Headbutt          |     8 |       ||     8
Armor: Scale mail        |    73 |     7 ||    80
Dodge: Dodged            |    33 |     4 ||    37
Block: Kite shield       |    16 |       ||    16
       Tower shield      |   103 |    12 ||   115
       Rpst.: Long sword |     9 |       ||     9

Table legend: (Time is in decaauts)
 A = Elapsed time spent in this place.
 B = Non-inter-level travel time spent in this place.
 C = Inter-level travel time spent in this place.
 D = Time resting spent in this place.
 E = Time spent auto-exploring this place.
 F = Levels seen in this place.
 G = Mean time per level.
                   A        B        C        D        E       F      G
               +--------+--------+--------+--------+--------+-----+--------+
         Total |   1284 |   1243 |     41 |      0 |    969 |   2 |  642.0 |
       Dungeon |   1284 |   1243 |     41 |      0 |    969 |   2 |  642.0 |
               +--------+--------+--------+--------+--------+-----+--------+

Top non-repeatable levels by time:
     D:1: 1206 daAuts
     D:2: 78 daAuts
